 Dungeon Crawl Stone Soup version 0.27.1-4-g1640c2035a (webtiles) character file.

Game seed: 13571532645147179608

8490 Turgor the Grappler (level 11, 0/95 HPs)
             Began as a Ghoul Monk on Oct 31, 2021.
             Was an Elder of Makhleb.
             Slain by a seven-headed hydra (8 damage)
             ... on level 1 of the Lair of Beasts.
             The game lasted 01:35:20 (11267 turns).

Turgor the Grappler (Ghoul Monk)                   Turns: 11267, Time: 01:35:20

Health: 0/95       AC: 16    Str: 18    XL:     11   Next: 31%
Magic:  13/13      EV: 16    Int: 12    God:    Makhleb [****..]
Gold:   283        SH:  5    Dex:  6    Spells: 10/10 levels left

rFire    . . .     SeeInvis .     - Unarmed
rCold    + . .     Faith    .   (no shield)
rNeg     + + +     Spirit   .   E - +3 leather armour of Death Resistance {rElec rCorr Int+6 Dex-5}
rPois    ∞         Reflect  +   k - +2 helmet
rElec    +         Harm     .   x - +0 cloak
rCorr    +         Rampage  .   (no gloves)
Will     .....                  O - +0 pair of boots
Stlth    ++........             L - amulet of reflection
HPRegen  0.00/turn              K - +4 ring of protection
MPRegen  0.13/turn              o - +4 ring of evasion

@: mighty, inhibited regen
A: claws 1, cold resistance 1, negative energy resistance 3, inhibited
regeneration, torment resistance 2
a: Renounce Religion, Minor Destruction, Lesser Servant of Makhleb, Major
Destruction


You were on level 1 of the Lair of Beasts.
You worshipped Makhleb.
Makhleb was greatly pleased with you.
You visited 3 branches of the dungeon, and saw 12 of its levels.
You also visited: Sewer.

You collected 488 gold pieces.
You spent 205 gold pieces at shops.

Inventory:

Hand Weapons
 h - a +0 hunting sling
 i - a +4 whip of venom
 C - a +2 shortbow of freezing
Missiles
 b - a throwing net
 j - 355 stones
 s - 9 curare-tipped darts (quivered)
 t - 52 poisoned darts
 y - 110 sling bullets
 F - 131 arrows
Armour
 k - a +2 helmet (worn)
 x - a +0 cloak (worn)
 E - the +3 leather armour of Death Resistance (worn) {rElec rCorr Int+6 Dex-5}
   (You bought it in a shop on level 6 of the Dungeon)

   Int:       It affects your intelligence (+6).
   Dex:       It affects your dexterity (-5).
   rElec:     It insulates you from electricity.
   rCorr:     It protects you from acid and corrosion.
 O - a +0 pair of boots (worn)
 R - a +0 troll leather armour
 T - a +0 buckler
Jewellery
 e - a ring of flight
 o - a +4 ring of evasion (right claw)
 D - a ring of wizardry
 K - a +4 ring of protection (left claw)
 L - an amulet of reflection (around neck)
Wands
 M - a wand of polymorph (11)
 N - a wand of flame (13)
 Q - a wand of paralysis (4)
Scrolls
 a - 2 scrolls of vulnerability
 c - a scroll of silence
 d - a scroll of immolation
 g - a scroll of magic mapping
 m - 4 scrolls of teleportation
 q - a scroll of enchant weapon {unknown}
 z - 3 scrolls of noise {unknown}
 A - 2 scrolls of amnesia {unknown}
 G - a scroll of fog {unknown}
 I - a scroll of brand weapon {unknown}
 P - 2 scrolls of fear
 S - a scroll of identify
Potions
 f - 3 potions of flight
 n - a potion of cancellation
 p - a potion of lignification
 r - 5 potions of heal wounds
 u - 2 potions of magic
 v - 3 potions of invisibility
 w - 2 potions of haste
 B - 5 potions of curing
 H - a potion of brilliance
 J - a potion of resistance


   Skills:
 + Level 8.7 Fighting
 + Level 5.5 Armour
 - Level 7.0 Dodging
 - Level 6.0 Stealth
 + Level 0.0 Shields
 * Level 11.9 Unarmed Combat
 + Level 5.0 Invocations


You had 10 spell levels left.
You didn't know any spells.
Your spell library contained the following spells:

 Spells                   Type           Power      Damage    Failure   Level
 Animate Skeleton         Necr           0%         N/A       36%         1
 Pain                     Necr           0%         1d4       36%         1
 Ensorcelled Hibernation  Hex/Ice        0%         N/A       50%         2
 Vampiric Draining        Necr           0%         2d6       75%         3
 Airstrike                Air            0%         N/A       98%         4
 Summon Lightning Spire   Summ/Air       0%         N/A       98%         4
 Lightning Bolt           Conj/Air       0%         1d11      100%        5
 Shadow Creatures         Summ           N/A        N/A       100%        6
 Spider Form              Tmut/Pois      Unusable   N/A       N/A         3

Dungeon Overview and Level Annotations

Branches:
Dungeon (10/15)            Temple (1/1) D:6            Lair (1/6) D:10
    Orc (0/2) D:10          Sewer (visited)

Altars:
Cheibriados
Dithmenos
Elyvilon
Fedhas
Gozag
Hepliaklqana
Kikubaaqudgha
Makhleb
Nemelex Xobeh
Okawaru
Qazlal
Ru
Sif Muna
Trog
Uskayaw
Vehumet
Wu Jian
Xom
Yredelemnul
Zin
The Shining One

Shops:
D:6 *

Annotations:
D:5 1 runed translucent door, diceflayer's ghost, novice MiFi


Innate Abilities, Weirdness & Mutations

You thrive by killing the living.
You are immune to poison.
You have sharp fingernails.
Your flesh is cold resistant. (rC+)
You are immune to negative energy. (rN+++)
You do not regenerate when monsters are visible.
You are immune to unholy pain and torment.


Message History

The seven-headed hydra bites you.
* * * LOW HITPOINT WARNING * * *
The seven-headed hydra bites you but does no damage. x2
The seven-headed hydra barely misses you.
The seven-headed hydra bites you.
* * * LOW HITPOINT WARNING * * *
You block the seven-headed hydra's attack.
The seven-headed hydra bites you but does no damage.
Aiming: Paralyse
Press: ? - help, Shift-Dir - straight line, f/p - seven-headed hydra
Aim: a seven-headed hydra (heavily wounded, chance to affect: 15%)
Okay, then.
Unknown command.
Unknown command.
Okay, then.
Unknown command.
Okay, then.
You feel very mighty all of a sudden.
You block the seven-headed hydra's attack.
The seven-headed hydra bites you but does no damage.
You block the seven-headed hydra's attack.
The seven-headed hydra closely misses you.
The seven-headed hydra bites you.
* * * LOW HITPOINT WARNING * * *
You block the seven-headed hydra's attack.
The seven-headed hydra misses you.
You claw the seven-headed hydra!
The seven-headed hydra is heavily wounded.
The seven-headed hydra bites you but does no damage.
The seven-headed hydra misses you. The seven-headed hydra bites you.
* * * LOW HITPOINT WARNING * * *
The seven-headed hydra completely misses you.
The seven-headed hydra barely misses you.
The seven-headed hydra bites you but does no damage.
The seven-headed hydra misses you.
You claw the seven-headed hydra!
The seven-headed hydra is severely wounded.
The seven-headed hydra bites you but does no damage.
The seven-headed hydra bites you!
You die...

#..# ###..## #..(....#.
##..####.^...######.Y......
#.............#.##(........
.##.....####..............#
####..### ##.......)###..#
#### ######...# .# #### ###
#P.Y# #
#P.#######P#####...#
##....<.......@D..P#
#..........#########
#P#.######## #####


You could see a seven-headed hydra and a yak (fleeing).

Vanquished Creatures
  2 two-headed ogres
  A komodo dragon (D:5)
  3 trolls (D:10)
  2 hornets (D:9)
  2 wraiths
  A vampire (D:10)
  2 steam dragons
  3 vampire mosquitoes (D:7)
  3 wargs (D:10)
  An acid dragon (D:8)
  2 water moccasins
  3 orc warriors (D:10)
  4 ogres
  A hornet zombie (D:8)
  6 centaurs
  A phantom (D:4)
  5 kobold brigands
  2 bullfrogs (D:9)
  3 gnoll sergeants
  2 scorpions
  A wyvern zombie (D:6)
  A water moccasin skeleton (D:6)
  17 wights
  2 bullfrog zombies
  2 centaur zombies (D:10)
  3 hounds
  3 orc priests
  4 jellies
  2 bullfrog skeletons
  Jessica (D:2)
  4 orc wizards
  3 iguanas
  A scorpion zombie (D:5)
  A hound skeleton (D:4)
  2 howler monkey zombies
  Robin (D:2)
  2 howler monkey skeletons
  14 gnolls
  4 adders
  2 river rats (D:3)
  A shadow imp (D:6)
  5 white imps
  An ufetubus (D:5)
  2 worms (D:2)
  A dart slug (D:4)
  24 orcs
  9 ball pythons
  8 endoplasms
  4 giant cockroaches
  12 goblins
  12 hobgoblins
  4 quokkas
  3 bats
  3 frilled lizards
  28 kobolds
  2 quokka skeletons (D:4)
  4 rats
242 creatures vanquished.

Vanquished Creatures (others)
  60 plants (D:9)
60 creatures vanquished.

Grand Total: 302 creatures vanquished

Notes
Turn   | Place    | Note
-------+----------+-------------------------------------------
     0 | D:1      | Turgor the Ghoul Monk began the quest for the Orb.
     0 | D:1      | Reached XP level 1. HP: 19/19 MP: 0/0
   236 | D:1      | Reached XP level 2. HP: 26/26 MP: 1/1
   937 | D:1      | Reached XP level 3. HP: 26/31 MP: 2/2
   996 | D:1      | Reached skill level 4 in Unarmed Combat
  1219 | D:2      | Noticed Robin
  1234 | D:2      | Killed Robin
  1520 | D:2      | Noticed Jessica
  1656 | D:2      | Reached XP level 4. HP: 40/40 MP: 3/3
  1945 | D:2      | Killed Jessica
  2137 | D:2      | Found a faded altar of an unknown god.
  2362 | D:3      | Reached XP level 5. HP: 46/46 MP: 4/4
  2593 | D:3      | Reached skill level 5 in Unarmed Combat
  2631 | D:3      | Found a glowing drain.
  2650 | Sewer    | Entered a sewer
  2727 | Sewer    | Noticed a kobold brigand
  2741 | Sewer    | Killed a kobold brigand
  2746 | Sewer    | Reached XP level 6. HP: 44/52 MP: 5/5
  2846 | Sewer    | Reached skill level 6 in Unarmed Combat
  3585 | D:4      | Reached XP level 7. HP: 57/60 MP: 6/6
  4031 | D:4      | Reached skill level 5 in Fighting
  4061 | D:4      | Reached skill level 7 in Unarmed Combat
  4580 | D:5      | Entered Level 5 of the Dungeon
  4627 | D:5      | Reached skill level 5 in Stealth
  4699 | D:5      | Reached XP level 8. HP: 68/68 MP: 7/7
  4703 | D:5      | Found a runed translucent door.
  4744 | D:5      | Noticed diceflayer's ghost (novice MiFi)
  4758 | D:5      | Noticed a komodo dragon
  4774 | D:5      | Killed a komodo dragon
  4775 | D:5      | Reached skill level 1 in Armour
  4918 | D:5      | Found a sparkling altar of Nemelex Xobeh.
  4918 | D:5      | Found a blossoming altar of Fedhas.
  5531 | D:5      | Reached skill level 8 in Unarmed Combat
  5914 | D:6      | Found a staircase to the Ecumenical Temple.
  5963 | Temple   | Entered the Ecumenical Temple
  5998 | Temple   | Became a worshipper of Makhleb the Destroyer
  5998 | Temple   | Reached * piety under Makhleb
  5998 | Temple   | Reached ** piety under Makhleb
  6202 | D:6      | Found a shimmering altar of Xom.
  6206 | D:6      | Found a shimmering altar of Xom.
  6207 | D:6      | Found a shimmering altar of Xom.
  6208 | D:6      | Found a shimmering altar of Xom.
  6305 | D:6      | Reached XP level 9. HP: 75/75 MP: 8/8
  6335 | D:6      | Reached skill level 1 in Invocations
  6444 | D:6      | Reached skill level 5 in Dodging
  6481 | D:6      | Found a shimmering altar of Xom.
  6765 | D:6      | Found Qium Ekk's Assorted Antiques.
  6771 | D:6      | Bought a transparent leather armour for 182 gold pieces
  6771 | D:6      | Identified the +3 leather armour of Death Resistance {rElec
                  | rCorr Int+6 Dex-5} (You bought it in a shop on level 6 of
                  | the Dungeon)
  6782 | D:6      | Bought a puce potion for 23 gold pieces
  6911 | D:7      | Reached skill level 9 in Unarmed Combat
  7966 | D:8      | Reached XP level 10. HP: 86/86 MP: 11/11
  8210 | D:8      | Reached skill level 10 in Unarmed Combat
  8293 | D:8      | Reached *** piety under Makhleb
  8675 | D:9      | Noticed a two-headed ogre
  8687 | D:9      | Killed a two-headed ogre
  9014 | D:9      | Found a shadowy altar of Dithmenos.
  9014 | D:9      | Found a stormy altar of Qazlal.
  9166 | D:9      | Reached skill level 11 in Unarmed Combat
  9728 | D:10     | Entered Level 10 of the Dungeon
  9728 | D:10     | Found a staircase to the Lair.
  9743 | D:10     | Reached **** piety under Makhleb
  9842 | D:10     | Reached skill level 5 in Armour
  9859 | D:10     | Reached XP level 11. HP: 59/95 MP: 13/13
 10059 | D:10     | Found an ornate altar of the Wu Jian Council.
 10244 | D:10     | Noticed a two-headed ogre
 10254 | D:10     | Killed a two-headed ogre
 10429 | D:10     | Found a staircase to the Orcish Mines.
 10726 | D:10     | Reached skill level 5 in Invocations
 11168 | Lair:1   | Entered Level 1 of the Lair of Beasts
 11244 | Lair:1   | Noticed a seven-headed hydra
 11267 | Lair:1   | Slain by a seven-headed hydra

Illustrated notes

Levels and vault maps discovered:
D:1:      minmay_arrival_diagonal_passages, layout_loops_corners
D:2:      layout_basic, shapermc_ecumenical_altar_mp_highgroup, uniq_robin,
          uniq_jessica
D:3:      layout_basic, cheibrodos_sewer_entry_sluice
D:4:      layout_cave_pods
D:5:      layout_basic, nicolae_overflow_hidden_temple,
          gammafunk_temple_overflow_pools, ebering_ghost_sewer_d
D:6:      layout_cave_pools, xom_redecorated,
          minmay_temple_entry_statues_fountains, serial_shops,
          kennysheep_little_box
D:7:      layout_gridville
D:8:      layout_cave_pools, grunt_ministairs_7
D:9:      layout_long_grid, mainiacjoe_overflow_catch_the_wave
D:10:     layout_cave_pods, mainiacjoe_overflow_boulevard, lair_entry_dummy,
          david_orc_1_choice
Temple:   eino_temple_lava
Lair:1:   layout_layer_cave, minmay_lair_oklob_chamber

Skill      XL: |  1  2  3  4  5  6  7  8  9 10 11 |
---------------+----------------------------------+-----
Unarmed Combat | 4 5 6 7 8 9 11 | 11.9
Dodging        | 3 4 5 6 7 |  7.0
Stealth        | 3 4 5 6 |  6.0
Fighting       | 4 5 6 7 8 |  8.7
Armour         | 2 3 5 |  5.5
Invocations    | 3 4 5 |  5.0

Action                   |  1- 3 |  4- 6 |  7- 9 | 10-12 || total
-------------------------+-------+-------+-------+-------++-------
Melee: Unarmed           |    99 |   130 |   249 |   278 ||   756
       Punch             |     1 |     1 |     8 |     9 ||    19
       Whip              |       |     4 |       |       ||     4
 Fire: Hunting sling     |     5 |    55 |   173 |    94 ||   327
       Shortbow          |       |       |       |     4 ||     4
Throw: Throwing net      |       |     1 |       |       ||     1
       Dart              |       |     1 |     5 |     2 ||     8
Invok: Minor Destruction |       |       |       |     6 ||     6
  Use: Potion            |       |     2 |       |     1 ||     3
       Scroll            |       |       |     6 |    10 ||    16
 Stab: Sleeping          |     3 |     3 |     2 |       ||     8
       Distracted        |     1 |       |       |       ||     1
       Held in net/web   |       |     1 |       |       ||     1
Armor: Robe              |     5 |    34 |     5 |       ||    44
       Leather armour    |       |       |    44 |    89 ||   133
Dodge: Dodged            |    35 |   112 |   166 |   173 ||   486
Block: Other             |       |       |    11 |    73 ||    84
       Reflection        |       |       |       |     7 ||     7
